 Dungeon Crawl Stone Soup version 0.25.0-11-g1f837a76a1 (webtiles) character file.

Game seed: 8604896859385932954

24340 xccam the Slicer (level 13, 0/76 HPs)
             Began as a Tengu Assassin on June 27, 2020.
             Was the Champion of Cheibriados.
             Slain by sentinel's ghost (6 damage)
             ... on level 13 of the Dungeon.
             The game lasted 00:23:21 (13092 turns).

xccam the Slicer (Tengu Assassin)                  Turns: 13092, Time: 00:23:23

Health: 0/76       AC:  6    Str: 28    XL:     13   Next: 12%
Magic:  13/20      EV: 31    Int: 36    God:    Cheibriados [******]
Gold:   600        SH:  8    Dex: 35    Spells: 18/20 levels left

rFire    . . .     SeeInvis .   P - +2 short sword (elec)
rCold    . . .     Gourm    .   y - +0 buckler
rNeg     . . .     Faith    .   V - +0 acid dragon scales
rPois    .         Spirit   .   t - +1 hat
rElec    .         Reflect  .   c - +0 cloak
rCorr    +         Harm     .   m - +0 pair of gloves
MR       +....                  (boots unavailable)
Stlth    ++++......             J - amulet of Kadu {Acrobat Dex+4}
HPRegen  0.22/turn              F - ring of protection from magic
MPRegen  0.17/turn              H - +6 ring of intelligence

@: mighty, flying quickly and evasively, very slow
A: beak, talons 3, clever 1, clumsy 1, deformed body, MP-powered wands, able to
fly
a: Stop Flying, Bend Time, Temporal Distortion, Slouch, Step From Time, Renounce
Religion


You were on level 13 of the Dungeon.
You worshipped Cheibriados.
Cheibriados was exalted by your worship.
You were very hungry.

You visited 1 branch of the dungeon, and saw 13 of its levels.

You collected 600 gold pieces.

Inventory:

Hand Weapons
 a - a +4 hand crossbow
 P - a +2 short sword of electrocution (weapon)
Missiles
 d - 29 poisoned darts (quivered)
 e - 2 curare-tipped darts
 W - 64 stones
Armour
 c - a +0 cloak (worn)
 l - +0 ice dragon scales
 m - a +0 pair of gloves (worn)
 q - a +0 scale mail
 t - a +1 hat (worn)
 y - a +0 buckler (worn)
 R - +0 steam dragon scales
 V - +0 acid dragon scales (worn)
Jewellery
 F - a ring of protection from magic (left hand)
 G - an uncursed ring of magical power
 H - a +6 ring of intelligence (right hand)
 I - a cursed -4 ring of intelligence
 J - the amulet of Kadu (around neck) {Acrobat Dex+4}
   (You found it on level 9 of the Dungeon)

   [amulet of the acrobat]

   It helps you evade while moving and waiting.
   It affects your dexterity (+4).
Wands
 b - a wand of digging (6)
 s - a wand of flame (29)
 x - a wand of paralysis (2)
 C - a wand of disintegration (17)
 Q - a wand of iceblast (4)
Scrolls
 i - 8 scrolls of remove curse
 k - 4 scrolls of amnesia
 n - 5 scrolls of teleportation
 o - 4 scrolls of blinking
 p - a scroll of magic mapping
 r - a scroll of fear
 u - 3 scrolls of enchant armour
 w - a scroll of immolation
 E - a scroll of enchant weapon {unknown}
 K - a scroll of summoning {unknown}
 L - 2 scrolls of noise
 O - a scroll of vulnerability {unknown}
 U - a scroll of fog {unknown}
Potions
 g - 4 potions of brilliance
 j - 2 potions of might
 v - a potion of cancellation
 z - 6 potions of heal wounds
 A - 3 potions of stabbing
 B - a potion of lignification
 D - a potion of magic
 M - 3 potions of ambrosia
Comestibles
 f - 26 rations


   Skills:
 - Level 7.1 Fighting
 - Level 12.0 Short Blades
 - Level 6.0 Throwing
 - Level 11.5 Dodging
 - Level 7.0 Stealth
 - Level 5.0 Shields
 - Level 4.0 Spellcasting
 - Level 3.0 Translocations
 + Level 4.9 Earth Magic
 + Level 5.5 Invocations


You had 18 spell levels left.
You knew the following spells:

 Your Spells              Type           Power        Failure   Level  Hunger
a - Apportation           Tloc           ####..       1%          1    None
b - Sandblast             Erth           #####.       1%          1    None

Your spell library contained the following spells:

 Spells                   Type           Power        Failure   Level  Hunger
 Passwall                 Tmut/Erth      ###.....     3%          2    None
 Lesser Beckoning         Tloc           ####......   4%          3    #......
 Summon Butterflies       Summ           #.......     5%          1    None
 Summon Small Mammal      Summ           #...         5%          1    None
 Stone Arrow              Conj/Erth      ###...       6%          3    #......
 Call Imp                 Summ           #.......     8%          2    None
 Call Canine Familiar     Summ           #.......     16%         3    #......
 Summon Guardian Golem    Hex/Summ       #.......     16%         3    #......
 Tukima's Dance           Hex            #.......     16%         3    #......
 Petrify                  Tmut/Erth      ###.....     19%         4    ###....
 Lee's Rapid Deconstruct  Erth           #####.....   21%         5    #####..
 Summon Ice Beast         Ice/Summ       #.......     45%         4    ###....
 Summon Lightning Spire   Summ/Air       #.......     45%         4    ###....
 Alistair's Intoxication  Tmut/Pois      #.......     82%         5    #####..
 Invisibility             Hex            #.......     100%        6    ######.


Dungeon Overview and Level Annotations

Branches:
Dungeon (13/15)            Temple (0/1) D:6            Lair (0/6) D:10
    Orc (0/2) D:10
 Vaults: D:13-14

Altars:
Ashenzari
Cheibriados
Dithmenos
Fedhas
Kikubaaqudgha
Okawaru
Ru
Trog
Wu Jian
Zin
The Shining One

Portals:
Trove: D:12 (give +4 fire dragon scales)

Annotations:
D:13 sentinel's ghost, journeyman HOAE


Innate Abilities, Weirdness & Mutations

You have a beak for a mouth.
You have claws for feet.
You can fly continuously.
Your mind is acute. (Int +2)
You are clumsy. (Dex -2)
Armour fits poorly on your strangely shaped body.
You expend magic power (3 MP) to strengthen your wands.


Message History

Sentinel's ghost is no longer moving slowly.
You block sentinel's ghost's attack.
You barely miss sentinel's ghost. Your kick misses sentinel's ghost.
You peck sentinel's ghost.
Sentinel's ghost is moderately damaged.
You hit sentinel's ghost. You claw sentinel's ghost!
Your peck misses sentinel's ghost.
Sentinel's ghost is heavily damaged.
Sentinel's ghost misses you.
You hit sentinel's ghost but do no damage.
Your kick misses sentinel's ghost.
You peck sentinel's ghost, but do no damage.
Sentinel's ghost is heavily damaged.
You puncture sentinel's ghost!
You claw sentinel's ghost, but do no damage.
Your peck misses sentinel's ghost.
Sentinel's ghost is heavily damaged.
Sentinel's ghost hits you!!
* * * LOW HITPOINT WARNING * * *
You die...

#.# #.#.## #.......#.......###
#.# #.#.# ###..##............
#<###[#.# #..##..##..#.#...
#.##..#.# #..##..##..#.#.##
#<##.#..# #..........#.#.#
#..#.#.## ##.##..##.##.#.##
##.#.#.######## #.##..##.##.....
#.#.#.รท.(....###.#######.....##
#.#.#.######..@WW#.#.#.#####.#
#.#.#.# #####W#.....# #.#
#.#.#.######## #WW...(8# #.##
###.#.#......... ..'...!.# #...
......#.##########.'...?8# #...
.##.###.>.......##.#....!# #...
.##.#
#########.##.#.#.#.#####..#
.##.# #.##########....... .##.#
#.# #####..#


You could see a freezing wraith, 2 wraiths and sentinel's ghost.

Vanquished Creatures
  Erolcha (D:9)
  A centaur warrior (D:13)
  3 two-headed ogres
  6 death yaks (D:10)
  Nergalle (D:10)
  2 ugly things
  A deep elf mage (D:10)
  A cyclops (D:13)
  Maurice (D:9)
  Joseph (D:8)
  6 orange demons (D:12)
  A gargoyle (D:11)
  Maggie (D:9)
  3 red devils (D:12)
  A tengu conjurer (D:13)
  3 hornets (D:8)
  2 trolls (D:13)
  2 hippogriffs
  16 yaks
  A wyvern (D:12)
  A vampire (D:12)
  4 vampire mosquitoes (D:13)
  Edmund (D:6)
  Menkaure (D:7)
  An acid dragon (D:12)
  3 soldier ants
  3 ice beasts
  3 orc warriors
  An eye of draining (D:12)
  A necrophage (D:11)
  2 phantoms
  A black bear (D:10)
  4 ogres
  6 centaurs
  3 sky beasts
  A crocodile (D:8)
  4 big kobolds
  2 wyvern zombies (D:12)
  5 bullfrogs
  4 scorpions
  15 killer bees
  4 wights (D:11)
  A howler monkey (D:7)
  8 crimson imps
  2 bullfrog zombies (D:12)
  A quasit (D:11)
  2 centaur zombies
  7 hounds
  8 orc priests
  2 jellies (D:8)
  A bullfrog skeleton (D:9)
  15 orc wizards
  Crazy Yiuf (D:6)
  Jessica (D:2)
  2 centaur skeletons
  An iguana (D:6)
  10 worker ants
  A killer bee zombie (D:6)
  A hound zombie (D:3)
  A worker ant zombie (D:6)
  13 adders
  A shadow imp (D:7)
  An ooze (D:5)
  An adder zombie (D:8)
  5 worms
  2 dart slugs
  9 leopard geckos
  47 orcs
  7 bats
  2 giant cockroaches
  8 goblins
  8 hobgoblins
  15 jackals
  4 quokkas
  6 frilled lizards
  A jackal skeleton (D:7)
  18 kobolds
  3 leopard gecko zombies
  2 quokka zombies (D:6)
  7 rats
  A fungus (D:6)
  3 plants (D:12)
353 creatures vanquished.

Vanquished Creatures (others)
  An orc (D:4)
  A plant (D:8)
2 creatures vanquished.

Grand Total: 355 creatures vanquished

Notes
Turn   | Place    | Note
-------+----------+-------------------------------------------
     0 | D:1      | xccam the Tengu Assassin began the quest for the Orb.
     0 | D:1      | Reached XP level 1. HP: 12/12 MP: 2/2
   352 | D:1      | Reached skill level 3 in Short Blades
   352 | D:1      | Reached XP level 2. HP: 17/17 MP: 3/3
  1045 | D:2      | Reached XP level 3. HP: 21/21 MP: 4/4
  1060 | D:2      | Reached skill level 4 in Short Blades
  1329 | D:2      | Reached XP level 4. HP: 10/26 MP: 5/5
  1842 | D:2      | Reached skill level 5 in Short Blades
  2049 | D:2      | Found a faded altar of an unknown god.
  2086 | D:2      | Became a worshipper of Cheibriados the Contemplative
  2086 | D:2      | Reached * piety under Cheibriados
  2166 | D:2      | Noticed Jessica
  2172 | D:2      | Killed Jessica
  2172 | D:2      | Gained mutation: You can fly continuously. [Tengu growth]
  2172 | D:2      | Reached XP level 5. HP: 24/30 MP: 6/6
  2299 | D:3      | Reached skill level 6 in Short Blades
  2529 | D:3      | Reached skill level 1 in Spellcasting
  2589 | D:3      | Reached XP level 6. HP: 30/35 MP: 8/8
  2836 | D:3      | Reached ** piety under Cheibriados
  3059 | D:3      | Found a sacrificial altar of Ru.
  3864 | D:4      | Reached *** piety under Cheibriados
  3871 | D:4      | Reached skill level 7 in Short Blades
  3871 | D:4      | Reached XP level 7. HP: 29/40 MP: 9/9
  4083 | D:4      | You are sucked into a shaft and drop 1 floor!
  4083 | D:5      | Entered Level 5 of the Dungeon
  4414 | D:5      | Reached XP level 8. HP: 44/44 MP: 10/10
  4441 | D:5      | Reached skill level 5 in Shields
  4613 | D:4      | Found a snail-covered altar of Cheibriados.
  4837 | D:5      | Found an ornate altar of the Wu Jian Council.
  4873 | D:5      | Reached **** piety under Cheibriados
  4903 | D:5      | Found a bloodstained altar of Trog.
  5045 | D:5      | Found an iron altar of Okawaru.
  5193 | D:5      | Found a glowing silver altar of Zin.
  5240 | D:6      | Found a staircase to the Ecumenical Temple.
  5270 | D:6      | Reached skill level 5 in Dodging
  5469 | D:6      | Reached skill level 8 in Short Blades
  5604 | D:6      | Noticed Edmund
  5616 | D:6      | Killed Edmund
  5912 | D:6      | Found a runed translucent door.
  5913 | D:6      | Noticed Crazy Yiuf
  5919 | D:6      | Killed Crazy Yiuf
  5972 | D:7      | Found a blossoming altar of Fedhas.
  5980 | D:7      | Found an ancient bone altar of Kikubaaqudgha.
  5980 | D:7      | Found a shattered altar of Ashenzari.
  6028 | D:7      | Reached XP level 9. HP: 48/48 MP: 11/11
  6139 | D:7      | Noticed Menkaure
  6146 | D:7      | Killed Menkaure
  6146 | D:7      | Reached skill level 9 in Short Blades
  6238 | D:7      | Reached ***** piety under Cheibriados
  6635 | D:8      | Noticed a two-headed ogre
  6651 | D:8      | Killed a two-headed ogre
  6651 | D:8      | Reached skill level 10 in Short Blades
  6823 | D:8      | Reached XP level 10. HP: 50/54 MP: 12/12
  6961 | D:8      | Noticed Joseph
  7004 | D:8      | Killed Joseph
  7004 | D:8      | Reached skill level 10 in Dodging
  7509 | D:9      | Found a shadowy altar of Dithmenos.
  7639 | D:9      | Got a smoking golden amulet
  7640 | D:9      | Identified the amulet of Kadu {Acrobat Dex+4} (You found it
                  | on level 9 of the Dungeon)
  7684 | D:9      | Reached ****** piety under Cheibriados
  7777 | D:9      | Reached skill level 5 in Fighting
  7777 | D:9      | Reached skill level 5 in Throwing
  8093 | D:9      | Reached XP level 11. HP: 43/64 MP: 13/13
  8282 | D:9      | Noticed Erolcha
  8299 | D:9      | Killed Erolcha
  8352 | D:9      | Noticed Maurice
  8368 | D:9      | Killed Maurice
  8411 | D:9      | Noticed Maggie
  8425 | D:9      | Killed Maggie
  8622 | D:9      | Learned a level 1 spell: Apportation
  8644 | D:10     | Entered Level 10 of the Dungeon
  8644 | D:10     | Noticed Nergalle
  8646 | D:10     | Killed Nergalle
  8646 | D:10     | Reached skill level 1 in Translocations
  8679 | D:10     | Noticed a death yak
  8702 | D:10     | Killed a death yak
  8940 | D:10     | Found a staircase to the Lair.
  8940 | D:10     | Noticed a death yak
  8940 | D:10     | Noticed a death yak
  8940 | D:10     | Noticed a death yak
  8942 | D:10     | Noticed a death yak
  8947 | D:10     | Noticed a death yak
  8959 | D:10     | Killed a death yak
  8959 | D:10     | Reached skill level 5 in Stealth
  8967 | D:10     | Killed a death yak
  8973 | D:10     | Killed a death yak
  8980 | D:10     | Killed a death yak
  8985 | D:10     | Killed a death yak
  8992 | D:10     | Reached XP level 12. HP: 35/72 MP: 19/19
  9646 | D:10     | Found a staircase to the Orcish Mines.
 10017 | D:11     | Got a bloodstained robe
 10028 | D:11     | Identified the +1 robe of Xuexeng {Int+3} (You found it on
                  | level 11 of the Dungeon)
 10122 | D:11     | Found a glowing golden altar of the Shining One.
 10158 | D:11     | Reached skill level 11 in Short Blades
 10779 | D:12     | Found a portal to a secret trove of treasure.
 10810 | D:12     | Learned a level 1 spell: Sandblast
 10844 | D:12     | Got a twisted falchion
 11126 | D:12     | Reached skill level 1 in Earth Magic
 11702 | D:12     | Reached skill level 12 in Short Blades
 11730 | D:12     | Reached skill level 1 in Invocations
 11838 | D:12     | Gained mutation: Armour fits poorly on your strangely
                  | shaped body. [potion of mutation]
 11838 | D:12     | Gained mutation: You are clumsy. (Dex -2) [potion of
                  | mutation]
 11838 | D:12     | Gained mutation: You expend magic power (3 MP) to
                  | strengthen your wands. [potion of mutation]
 11838 | D:12     | Gained mutation: Your mind is acute. (Int +2) [potion of
                  | mutation]
 12461 | D:13     | Noticed a two-headed ogre
 12472 | D:13     | Killed a two-headed ogre
 12487 | D:13     | Noticed a two-headed ogre
 12498 | D:13     | Killed a two-headed ogre
 12608 | D:13     | Noticed a centaur warrior
 12617 | D:13     | Killed a centaur warrior
 12617 | D:13     | Reached XP level 13. HP: 36/76 MP: 20/20
 12621 | D:13     | Reached skill level 5 in Invocations
 13060 | D:13     | Found a runed translucent gate.
 13060 | D:13     | Found a runed translucent gate.
 13060 | D:13     | Found a runed translucent gate.
 13062 | D:13     | Noticed sentinel's ghost (journeyman HOAE)
 13092 | D:13     | Slain by sentinel's ghost

Illustrated notes

Levels and vault maps discovered:
D:1:      minmay_arrival_four_loops, layout_basic
D:2:      layout_rooms, chequers_ecumenical_altar_island, uniq_jessica
D:3:      layout_loops_ring, nicolae_ru_awakened_eye
D:4:      layout_cave_pools, kennysheep_slug_shrine
D:5:      layout_rooms, old_standard_altar, kennysheep_little_box, zin_treasury,
          first_ration, minmay_misc_feat_nine_boxes, trog_book
D:6:      layout_cave_pools, minmay_temple_entry_waves, serial_rivers,
          chequers_serial_rivers_micro_b, chequers_serial_rivers_room_b,
          chequers_serial_rivers_micro_e, chequers_serial_rivers_micro_d,
          uniq_crazy_yiuf_cottage, uniq_edmund
D:7:      layout_rooms, gammafunk_temple_overflow_elements, fedhas_altar_3,
          uniq_menkaure
D:8:      layout_basic, hex_medium, hangedman_pestilent_swarm,
          minmay_lizard_king, uniq_joseph
D:9:      layout_irregular_city, nicolae_dithmenos_shadow_blocks, uniq_maggie,
          uniq_maurice, uniq_erolcha
D:10:     layout_basic, dpeg_lair_monsters, minmay_librarian, uniq_nergalle
D:11:     layout_loops_ring, basic_altar
D:12:     minmay_weird_star, layout_small_grid, nicolae_trove_entry_crossroad,
          minmay_beelzebubs_servants
D:13:     layout_loops_ring, gammafunk_ghost_spectres

Skill      XL: |  1  2  3  4  5  6  7  8  9 10 11 12 13 |
---------------+----------------------------------------+-----
Short Blades   | 3 4 5 6 7 8 10 12 | 12.0
Spellcasting   | 1 4 |  4.0
Dodging        | 3 6 9 10 11 | 11.5
Shields        | 4 5 |  5.0
Fighting       | 5 7 |  7.1
Throwing       | 5 6 |  6.0
Translocations | 3 |  3.0
Stealth        | 6 7 |  7.0
Earth Magic    | 4 |  4.9
Invocations    | 4 5 |  5.5

Action                   |  1- 3 |  4- 6 |  7- 9 | 10-12 | 13-15 || total
-------------------------+-------+-------+-------+-------+-------++-------
Melee: Dagger            |    50 |   193 |   252 |   287 |       ||   782
       Kick              |     8 |    62 |   148 |   323 |    33 ||   574
       Peck              |     6 |    43 |    75 |   205 |    20 ||   349
       Short sword       |       |       |       |   232 |    50 ||   282
Throw: Dart              |     3 |     6 |    18 |    45 |     2 ||    74
Invok: Bend Time         |       |       |       |     1 |     1 ||     2
       Slouch            |       |       |       |       |     2 ||     2
 Abil: Fly               |       |     1 |       |       |       ||     1
Evoke: Wand              |       |       |       |       |     2 ||     2
  Use: Scroll            |       |     2 |       |    16 |       ||    18
       Potion            |       |       |     3 |     5 |     1 ||     9
 Stab: Sleeping          |     5 |     7 |    11 |    22 |       ||    45
       Distracted        |     2 |       |     1 |     1 |       ||     4
       Invisible         |       |       |       |     2 |       ||     2
  Eat: Chunk             |     1 |     5 |     5 |    10 |       ||    21
Armor: Robe              |     8 |     6 |       |       |       ||    14
       Ring mail         |       |    23 |    31 |    12 |       ||    66
       Steam dragon scal |       |       |       |     3 |       ||     3
       Acid dragon scale |       |       |       |     8 |     1 ||     9
Dodge: Dodged            |    21 |    89 |   118 |   319 |    21 ||   568
Block: Buckler           |       |       |    57 |   115 |     9 ||   181
